 Dungeon Crawl Stone Soup version 0.21.1-1-g345015f (webtiles) character file.

1283 sking99 the Magician (level 8, 0/58 HPs)
             Began as a Gnoll Wizard on June 14, 2018.
             Shot with an arrow by a centaur (7 damage)
             ... on level 6 of the Dungeon.
             The game lasted 00:50:27 (8226 turns).

sking99 the Magician (Gnoll Wizard)                 Turns: 8226, Time: 00:50:28

Health: 0/58       AC:  8    Str:  9    XL:     8   Next: 55%
Magic:  4/19       EV: 14    Int: 24    God:
Gold:   203        SH:  0    Dex: 13    Spells: 9/22 levels left

rFire    . . .     SeeInvis .   u - +7 long sword of Mana {protect, rPois MR++ Stlth+}
rCold    . . .     Gourm    .   (no shield)
rNeg     . . .     Faith    .   n - +3 leather armour
rPois    +         Spirit   .   t - +2 hat
rElec    .         Reflect  .   (no cloak)
rCorr    .         Harm     .   (no gloves)
MR       ++...                  (no boots)
Stlth    ++++......             (no amulet)
HPRegen  0.19/turn              (no ring)
MPRegen  0.16/turn              (no ring)

@: no status effects
A: distributed training, fangs 1, strong nose
a: no special abilities


You were on level 6 of the Dungeon.
You were full.

You visited 1 branch of the dungeon, and saw 6 of its levels.
You also visited: Sewer.

You collected 242 gold pieces.
You spent 39 gold pieces at shops.

Inventory:

Hand Weapons
 p - a cursed +0 dagger
 u - the +7 long sword of Mana (weapon) {protect, rPois MR++ Stlth+}
   (You found it on level 5 of the Dungeon)

   It protects the one who uses it against injury (+AC on strike).
   It protects you from poison.
   It affects your resistance to hostile enchantments.
   It makes you more stealthy.
Armour
 a - a +0 robe
 b - a +1 hat
 f - a +2 pair of gloves of archery
 n - a +3 leather armour (worn)
 t - a +2 hat (worn)
Jewellery
 h - an uncursed ring of see invisible {unknown}
Wands
 v - a wand of iceblast (3)
Scrolls
 c - 2 scrolls of teleportation
 e - a scroll of enchant weapon
 g - a scroll of remove curse
 o - a scroll of enchant armour
 s - a scroll of magic mapping
 y - a scroll of identify
Potions
 i - 2 potions of agility
 j - a potion of heal wounds
 k - 2 potions of mutation
 l - a potion of invisibility
 m - 3 potions of ambrosia {unknown}
 q - 2 potions of magic
 r - 2 potions of curing
 w - a potion of haste {unknown}
 x - a potion of flight {unknown}
Comestibles
 d - 7 rations


   Skills:
 + Level 3.3 Fighting
 + Level 3.3 Short Blades
 + Level 3.3 Long Blades
 + Level 3.3 Axes
 + Level 3.3 Maces & Flails
 + Level 3.3 Polearms
 + Level 3.3 Staves
 + Level 3.3 Slings
 + Level 3.3 Bows
 + Level 3.3 Crossbows
 + Level 3.3 Throwing
 + Level 3.3 Armour
 + Level 5.7 Dodging
 + Level 5.4 Stealth
 + Level 3.3 Shields
 + Level 3.3 Unarmed Combat
 + Level 7.9 Spellcasting
 + Level 3.5 Conjurations
 + Level 2.7 Hexes
 + Level 2.7 Charms
 + Level 3.5 Summonings
 + Level 2.7 Necromancy
 + Level 3.5 Translocations
 + Level 2.7 Transmutations
 + Level 2.7 Fire Magic
 + Level 2.7 Ice Magic
 + Level 2.7 Air Magic
 + Level 2.7 Earth Magic
 + Level 2.7 Poison Magic
 + Level 3.6 Invocations
 + Level 3.3 Evocations


You had 9 spell levels left.
You knew the following spells:

 Your Spells              Type           Power        Failure   Level  Hunger
a - Magic Dart            Conj           ####         1%          1    None
b - Blink                 Tloc           N/A          3%          2    None
c - Call Imp              Summ           ####....     3%          2    None
d - Slow                  Hex            ###.....     4%          2    None
e - Conjure Flame         Conj/Fire      ###.....     8%          3    None
f - Mephitic Cloud        Conj/Pois/Air  ###.....     8%          3    None


Dungeon Overview and Level Annotations

Branches:
Dungeon (6/15)
 Temple: D:4-7

Altars:
Cheibriados
Dithmenos
Elyvilon
Ru
Uskayaw
Vehumet
Wu Jian
The Shining One

Shops:
D:5 !

Annotations:
D:4 exclusion: downstairs


Innate Abilities, Weirdness & Mutations

Your experience applies equally to all skills.
You have very sharp teeth.
Your uncanny sense of smell can sniff out nearby items.


Message History

The centaur shoots an arrow.
The arrow hits you but does no damage. The leopard gecko barely misses you.
You see here an arrow.
The centaur shoots an arrow.
The arrow hits you.
* * * LOW HITPOINT WARNING * * *
You see here an arrow.
The centaur shoots an arrow.
The arrow misses you.
The centaur shoots an arrow.
The arrow hits you.
* * * LOW HITPOINT WARNING * * *
You see here an arrow.
As you read the scroll of teleportation, it crumbles to dust.
You feel strangely unstable.
The leopard gecko bites you but does no damage.
The hound bites you.
* * * LOW HITPOINT WARNING * * *
The hound stops to sniff the ground.
The hound misses you.
You riposte.
You barely miss the hound.
Your surroundings suddenly seem different.
The centaur shoots an arrow.
The arrow hits you!
You die...

.....# #≈)≈#,,,,,,,,,,,,,*
.....#### #))≈#,,,,,,,,,,,,,*
........#####≈≈≈#,,,,,,,,,,,,,*
............#≈≈≈#,,,,,,,,<,,,,*
.....#..#...#.).#,,,,,,,,,,,,,*
..#####)..#*#)..#***,.......,,*
....)..)..# #.### *,.........#
...#####.####.#### *∆.........*
...(....(.......@# *,.........*
...####..........# *,........,*
...# #...(......# **......!.**
...# #..........# *#.?....#####
...# #.......Z..# **#..#..<..#
...#**#.......(..# #.##.##.##
.....##........(.#######.#.....#
................c(l...........##
!.................h...........#


You could see a centaur and a worker ant zombie.

Vanquished Creatures
  Sigmund (D:5)
  Duvessa (D:6)
  Purgy (Sewer)
  An ogre (D:5)
  A centaur (D:6)
  Dowan (D:6)
  A crimson imp (D:5)
  A hound (D:6)
  2 orc wizards
  2 orc priests
  4 bullfrog skeletons
  A centaur skeleton (D:4)
  Terence (D:2)
  7 worker ants
  2 hound zombies
  A gnoll (D:1)
  5 adders
  A shadow imp (D:5)
  An ooze (D:2)
  An adder zombie (D:5)
  An adder skeleton (D:5)
  A worm (D:3)
  A dart slug (D:1)
  7 leopard geckos
  7 orcs
  3 ball pythons
  3 giant cockroaches
  10 goblins
  4 hobgoblins
  4 jackals
  10 kobolds
  2 quokkas (D:3)
  9 bats
  10 frilled lizards
  7 rats
115 creatures vanquished.

Vanquished Creatures (collateral kills)
  A hound (D:3)
1 creature vanquished.

Grand Total: 116 creatures vanquished

Notes
Turn   | Place    | Note
-------+----------+-------------------------------------------
     0 | D:1      | sking99 the Gnoll Wizard began the quest for the Orb.
     0 | D:1      | Reached XP level 1. HP: 13/13 MP: 8/8
   251 | D:1      | Reached XP level 2. HP: 19/19 MP: 6/10
   255 | D:1      | Learned a level 2 spell: Blink
   258 | D:1      | Learned a level 2 spell: Call Imp
   261 | D:1      | Learned a level 2 spell: Slow
   458 | D:1      | Reached XP level 3. HP: 25/25 MP: 5/11
   874 | D:2      | Reached skill level 1 in Invocations
  1141 | D:2      | Learned a level 3 spell: Conjure Flame
  1145 | D:2      | Learned a level 3 spell: Mephitic Cloud
  1181 | D:2      | Found a white marble altar of Elyvilon.
  1181 | D:2      | Noticed Terence
  1310 | D:2      | Found a snail-covered altar of Cheibriados.
  1668 | D:2      | Found an ornate altar of the Wu Jian Council.
  1677 | D:2      | Reached skill level 1 in Fighting
  1677 | D:2      | Reached skill level 1 in Short Blades
  1677 | D:2      | Reached skill level 1 in Long Blades
  1677 | D:2      | Reached skill level 1 in Axes
  1677 | D:2      | Reached skill level 1 in Maces & Flails
  1677 | D:2      | Reached skill level 1 in Polearms
  1677 | D:2      | Reached skill level 1 in Staves
  1677 | D:2      | Reached skill level 1 in Slings
  1677 | D:2      | Reached skill level 1 in Bows
  1677 | D:2      | Reached skill level 1 in Crossbows
  1677 | D:2      | Reached skill level 1 in Throwing
  1677 | D:2      | Reached skill level 1 in Armour
  1677 | D:2      | Reached skill level 1 in Shields
  1677 | D:2      | Reached skill level 1 in Unarmed Combat
  1677 | D:2      | Reached skill level 1 in Evocations
  1785 | D:2      | Reached XP level 4. HP: 32/32 MP: 11/13
  2072 | D:2      | Killed Terence
  2261 | D:2      | Found a hide-covered altar of Uskayaw.
  2266 | D:2      | Found a glowing golden altar of the Shining One.
  2374 | D:3      | Reached skill level 1 in Hexes
  2374 | D:3      | Reached skill level 1 in Charms
  2374 | D:3      | Reached skill level 1 in Necromancy
  2374 | D:3      | Reached skill level 1 in Transmutations
  2374 | D:3      | Reached skill level 1 in Fire Magic
  2374 | D:3      | Reached skill level 1 in Ice Magic
  2374 | D:3      | Reached skill level 1 in Air Magic
  2374 | D:3      | Reached skill level 1 in Earth Magic
  2374 | D:3      | Reached skill level 1 in Poison Magic
  2735 | D:3      | Reached XP level 5. HP: 37/37 MP: 8/14
  2943 | D:3      | Found a radiant altar of Vehumet.
  2943 | D:3      | Found a sacrificial altar of Ru.
  3900 | D:4      | Found a shadowy altar of Dithmenos.
  4539 | D:3      | Reached XP level 6. HP: 44/44 MP: 4/16
  5071 | D:4      | Reached skill level 5 in Dodging
  5475 | D:5      | Entered Level 5 of the Dungeon
  5497 | D:5      | Noticed Sigmund
  6074 | D:4      | Reached XP level 7. HP: 36/50 MP: 12/18
  6259 | D:5      | Killed Sigmund
  6388 | D:5      | Found Vup Wong's Distillery.
  6426 | D:5      | Got a transparent long sword
  6427 | D:5      | Identified the +7 long sword of Mana {protect, rPois MR++ Stlth+} (You found it on level 5 of the Dungeon)
  6658 | D:5      | Reached skill level 5 in Stealth
  7131 | D:5      | Bought a potion of curing for 39 gold pieces
  7418 | D:6      | Found a glowing drain.
  7428 | D:6      | Reached XP level 8. HP: 57/57 MP: 11/19
  7469 | Sewer    | Entered a sewer
  7616 | Sewer    | Noticed Purgy
  7656 | Sewer    | Killed Purgy
  8154 | D:6      | Noticed Dowan
  8155 | D:6      | Noticed Duvessa
  8185 | D:6      | Killed Duvessa
  8189 | D:6      | Killed Dowan
  8226 | D:6      | Shot with an arrow by a centaur

Skill      XL: |  1  2  3  4  5  6  7  8 |
---------------+-------------------------+-----
Conjurations   | 2 3 |  3.5
Summonings     | 2 3 |  3.5
Translocations | 2 3 |  3.5
Invocations    | 1 2 3 |  3.6
Fighting       | 1 2 3 |  3.3
Short Blades   | 1 2 3 |  3.3
Long Blades    | 1 2 3 |  3.3
Axes           | 1 2 3 |  3.3
Maces & Flails | 1 2 3 |  3.3
Polearms       | 1 2 3 |  3.3
Staves         | 1 2 3 |  3.3
Slings         | 1 2 3 |  3.3
Bows           | 1 2 3 |  3.3
Crossbows      | 1 2 3 |  3.3
Throwing       | 1 2 3 |  3.3
Armour         | 1 2 3 |  3.3
Shields        | 1 2 3 |  3.3
Unarmed Combat | 1 2 3 |  3.3
Evocations     | 1 2 3 |  3.3
Hexes          | 1 2 |  2.7
Charms         | 1 2 |  2.7
Necromancy     | 1 2 |  2.7
Transmutations | 1 2 |  2.7
Fire Magic     | 1 2 |  2.7
Ice Magic      | 1 2 |  2.7
Air Magic      | 1 2 |  2.7
Earth Magic    | 1 2 |  2.7
Poison Magic   | 1 2 |  2.7
Dodging        | 5 |  5.7
Stealth        | 5 |  5.4
Spellcasting   | |  7.9

Action                   |  1- 3 |  4- 6 |  7- 9 || total
-------------------------+-------+-------+-------++-------
Melee: Unarmed           |       |    10 |     1 ||    11
       Bite              |       |     1 |     1 ||     2
       Long sword        |       |       |     9 ||     9
       Punch             |       |       |     1 ||     1
 Cast: Magic Dart        |    71 |   207 |   149 ||   427
       Slow              |     1 |     2 |     3 ||     6
       Conjure Flame     |     2 |    11 |     8 ||    21
       Mephitic Cloud    |     1 |     6 |     3 ||    10
       Blink             |       |     7 |     1 ||     8
       Call Imp          |       |     3 |       ||     3
Evoke: Wand              |       |       |     3 ||     3
  Use: Scroll            |       |    12 |     3 ||    15
       Potion            |       |     4 |       ||     4
  Eat: Ration            |     1 |     3 |     2 ||     6
       Chunk             |       |     6 |       ||     6
Armor: Robe              |       |     5 |       ||     5
       Leather armour    |       |       |    18 ||    18
Dodge: Dodged            |     3 |    70 |    37 ||   110
       Rpst.: Long sword |       |       |    10 ||    10
